 Dungeon Crawl Stone Soup version 0.24-a0-91-g4e4936a (console) character file.

Game seed: 12843099752549511412

406 Duffy the Chopper (level 6, -6/52 HPs)
             Began as a Naga Gladiator on Feb 8, 2019.
             Was a Believer of Cheibriados.
             Mangled by a centaur (9 damage)
             ... on level 6 of the Dungeon.
             The game lasted 00:03:28 (4391 turns).

Duffy the Chopper (Naga Gladiator)                  Turns: 4391, Time: 00:03:29

Health: -6/52      AC:  8    Str: 20    XL:     6   Next: 87%
Magic:  6/6        EV: 11    Int: 12    God:    Cheibriados [**....]
Gold:   224        SH:  0    Dex: 19    Spells: 5/5 levels left

rFire    + . .     SeeInvis +   a - +0 war axe
rCold    . . .     Gourm    .   (no shield)
rNeg     . . .     Faith    .   u - +1 leather armour {rF+}
rPois    +         Spirit   .   c - +0 helmet
rElec    .         Reflect  .   (no cloak)
rCorr    .         Harm     .   g - +2 pair of gloves
MR       .....                  (no barding)
Stlth    +.........             (no amulet)
HPRegen  0.17/turn              (no ring)
MPRegen  0.10/turn              (no ring)

@: very slow
A: large, see invisible, deformed body, poison resistance, slowness 2, slow
metabolism 1, spit poison 1, AC +2
a: Spit Poison, Bend Time, Renounce Religion


You were on level 6 of the Dungeon.
You worshipped Cheibriados.
Cheibriados was pleased with you.
You were not hungry.

You visited 1 branch of the dungeon, and saw 5 of its levels.

You collected 224 gold pieces.

Inventory:

Hand Weapons
 a - a +0 war axe (weapon)
Missiles
 d - 3 throwing nets (quivered)
Armour
 c - a +0 helmet (worn)
 g - a +2 pair of gloves (worn)
 u - a +1 leather armour of fire resistance (worn)
Wands
 b - a wand of iceblast (11)
Scrolls
 h - 6 scrolls of identify {unknown}
 i - 3 scrolls of teleportation {unknown}
 j - 2 scrolls of noise {unknown}
 m - a scroll of amnesia {unknown}
 n - 2 scrolls of immolation {unknown}
 q - 3 scrolls of fear {unknown}
 t - 2 scrolls of fog {unknown}
 w - a scroll of remove curse {unknown}
Potions
 e - a potion of mutation {unknown}
 k - a potion of brilliance {unknown}
 l - 3 potions of might {unknown}
 o - a potion of berserk rage {unknown}
 p - 5 potions of curing {unknown}
 r - a potion of haste {unknown}
 s - a potion of magic {unknown}
 v - a potion of cancellation {unknown}
 z - a potion of flight {unknown}
 A - a potion of degeneration {unknown}
Comestibles
 f - 2 rations
 x - 8 chunks of flesh


   Skills:
 - Level 2.0 Fighting
 + Level 7.1 Axes
 - Level 1.7 Throwing
 + Level 3.1 Dodging


You had 5 spell levels left.
You didn't know any spells.
Your spell library contained the following spells:

 Spells                   Type           Power        Failure   Level  Hunger
 Animate Skeleton         Necr           N/A          36%         1    ##.....
 Pain                     Necr           #...         36%         1    ##.....
 Regeneration             Chrm/Necr      #.........   75%         3    ####...
 Vampiric Draining        Necr           #.........   75%         3    ####...
 Animate Dead             Necr           N/A          98%         4    #####..


Dungeon Overview and Level Annotations

Branches:
Dungeon (4/15)
 Temple: D:4-7

Altars:
Cheibriados
Fedhas


Innate Abilities, Weirdness & Mutations

You cannot wear boots.
Your serpentine skin is tough. (AC +2)
You have supernaturally acute eyesight. (SInv)
Armour fits poorly on your strangely shaped body.
Your system is resistant to poisons. (rPois)
You cover ground very slowly.
You have a slow metabolism.
You can spit poison.


Message History

The bullfrog hits you but does no damage.
The centaur unwields a +0 shortbow.
The centaur hits you.
The bullfrog snags a nearby mouse with its tongue.
The centaur hits you! The bullfrog misses you.
The centaur hits you but does no damage.
The bullfrog hits you but does no damage.
You hit the centaur.
The centaur is moderately wounded.
You barely miss the bullfrog.
The centaur hits you but does no damage.
The bullfrog hits you. The centaur hits you.
You hit the centaur.
The centaur is heavily wounded.
You barely miss the bullfrog. The bullfrog misses you.
The centaur hits you but does no damage.
The bullfrog hits you but does no damage.
You hit the centaur.
The centaur is severely wounded.
You slash the bullfrog! The centaur hits you!
You die...

..... ##
.^...####### #...
#....[.....# .#.##
#..........##.....
#...............##
#................#
#................#
#...(.....@c.....#
#........(F......#
##########.......#
#.......#
#.......#
#.......#
#.......#
##.###### ..


You could see a bullfrog and a centaur.

Vanquished Creatures
  A bullfrog (D:4)
  A scorpion (D:4)
  2 hounds (D:4)
  Ijyb (D:4)
  An orc wizard (D:4)
  2 worker ants (D:4)
  An adder (D:2)
  An ooze (D:2)
  A worm (D:3)
  2 dart slugs (D:2)
  6 leopard geckos
  9 orcs
  10 bats
  3 giant cockroaches
  4 goblins (D:2)
  9 hobgoblins
  15 jackals
  5 kobolds
  3 quokkas
  6 frilled lizards
  7 rats
  A bush (D:4)
91 creatures vanquished.

Vanquished Creatures (others)
  A fungus (D:2)
1 creature vanquished.

Grand Total: 92 creatures vanquished

Notes
Turn   | Place    | Note
-------+----------+-------------------------------------------
     0 | D:1      | Duffy the Naga Gladiator began the quest for the Orb.
     0 | D:1      | Reached XP level 1. HP: 19/19 MP: 1/1
   617 | D:1      | Reached XP level 2. HP: 23/26 MP: 2/2
  1171 | D:2      | Reached skill level 4 in Axes
  1180 | D:2      | Reached XP level 3. HP: 19/32 MP: 3/3
  2006 | D:2      | Found a snail-covered altar of Cheibriados.
  2033 | D:2      | Reached XP level 4. HP: 33/39 MP: 4/4
  2036 | D:2      | Became a worshipper of Cheibriados the Contemplative
  2346 | D:2      | Found a blossoming altar of Fedhas.
  2578 | D:3      | Reached skill level 5 in Axes
  2868 | D:3      | Reached * piety under Cheibriados
  2894 | D:3      | Found a faded altar of an unknown god.
  3389 | D:4      | Noticed Ijyb
  3396 | D:4      | Killed Ijyb
  3396 | D:4      | Reached XP level 5. HP: 45/45 MP: 5/5
  3500 | D:4      | Reached skill level 6 in Axes
  3623 | D:4      | Reached XP level 6. HP: 49/52 MP: 6/6
  4289 | D:4      | Reached ** piety under Cheibriados
  4289 | D:4      | Reached skill level 7 in Axes
  4381 | D:4      | You fall through a shaft for 2 floors!
  4391 | D:6      | Mangled by a centaur

Levels and vault maps discovered:
D:1:      lemuel_arrival_lava_pool, layout_loops_corners
D:2:      minmay_alternating_diamond, layout_basic, cheibriados_altar_1,
          fountainhead, fedhas_altar_3
D:3:      layout_basic, chequers_ecumenical_altar_island, minmay_liquid_box
D:4:      layout_basic, serial_forest, infiniplex_forest_lined_2,
          infiniplex_forest_clump_curved, infiniplex_forest_end_double,
          infiniplex_forest_straight_2, infiniplex_forest_end_2,
          infiniplex_forest_end_3, infiniplex_forest_clump_curved,
          infiniplex_forest_lined_3, infiniplex_forest_corner_1,
          infiniplex_forest_straight_2, uniq_ijyb
D:6:      layout_basic, basic_altar, nicolae_gozag_zags_fifth_avenue,
          uniq_edmund, uniq_grinder

Skill      XL: |  1  2  3  4  5  6 |
---------------+-------------------+-----
Axes           | 4 5 6 7 |  7.1
Dodging        | 3 |  3.1
Fighting       | |  2.0
Throwing       | |  1.7

Action                   |  1- 3 |  4- 6 || total
-------------------------+-------+-------++-------
Melee: War axe           |   105 |   168 ||   273
 Abil: Spit Poison       |     2 |     3 ||     5
 Stab: Sleeping          |       |     2 ||     2
  Eat: Chunk             |     2 |     6 ||     8
Armor: Leather armour    |    88 |    80 ||   168
Dodge: Dodged            |   111 |   101 ||   212

Table legend:
 A = Non-vault XP
 B = Vault XP
 C = Vault XP percentage of total XP
 D = Non-vault monster count
 E = Vault monster count
 F = Vault count percentage of total count
                 A         B        C        D         E       F
            +---------+---------+-------+---------+---------+-------
      Total |     532 |      49 |   8.4 |      83 |       7 |   7.8
            +---------+---------+-------+---------+---------+-------
        D:1 |      15 |       0 |   0.0 |      10 |       0 |   0.0
        D:2 |      70 |      13 |  15.7 |      29 |       6 |  17.1
        D:3 |      56 |       0 |   0.0 |      27 |       0 |   0.0
        D:4 |     391 |      36 |   8.4 |      17 |       1 |   5.6
            +---------+---------+-------+---------+---------+-------
